 Dungeon Crawl Stone Soup version 0.14.0-17-gc0b17a5 (webtiles) character file.

1194 Maka the Cleaver (level 7, -4/58 HPs)
             Began as a Deep Dwarf Gladiator on Apr 18, 2014.
             Was an Initiate of Makhleb.
             Slain by a goliath beetle (23 damage)
             ... on Level 6 of the Dungeon.
             The game lasted 00:22:03 (4062 turns).

Maka the Cleaver (Deep Dwarf Gladiator)             Turns: 4062, Time: 00:22:05

HP  -4/58        AC  8     Str 19      XL: 7   Next: 93%
MP   7/7         EV 11     Int  8      God: Makhleb [......]
Gold 229         SH  0     Dex 19      Spells:  0 memorised,  6 levels left

rFire  . . .     SeeInvis .     a - +0,+1 war axe
rCold  . . .     Clarity  .     E - +0 ring mail
rNeg   . . .     Conserve .     (no shield)
rPois  .         rCorr    .     c - +0 helmet
rElec  .         rRot     .     (no cloak)
SustAb . .       Spirit   .     g - +0 pair of gloves
rMut   .         Warding  .     (no boots)
Saprov . . .     Stasis   .     (no amulet)
MR     +....                    (no ring)
                                l - +4 ring of dexterity

@: non-regenerating, somewhat resistant to hostile enchantments, very unstealthy
A: damage resistance, recharge devices, sense surroundings 1, slow healing 3
a: Device Recharging, Renounce Religion


You were on level 6 of the Dungeon.
You worshipped Makhleb.
Makhleb was noncommittal.
You were not hungry.

You visited 2 branches of the dungeon, and saw 7 of its levels.
You also visited: Sewer.

You collected 229 gold pieces.

Inventory:

Hand weapons
 a - a +0,+1 war axe (weapon)
 b - a +0,+0 hand axe
Missiles
 d - 3 throwing nets
 u - 2 javelins
 w - 5 tomahawks (quivered)
 C - 7 curare-tipped needles
Armour
 c - a +0 helmet (worn)
 g - a +0 pair of gloves (worn)
 D - a +0 plate armour
 E - a +0 ring mail (worn)
Magical devices
 e - a wand of heal wounds (7)
 y - a wand of magic darts (10)
Comestibles
 f - 4 bread rations
 j - 2 meat rations
Scrolls
 m - 2 scrolls of amnesia
 o - 2 scrolls of magic mapping
 p - 2 scrolls of fog
 s - 2 scrolls of teleportation
 t - 5 scrolls of fear
 x - 2 scrolls of remove curse
 A - a scroll of enchant weapon II
Jewellery
 l - a +4 ring of dexterity (left hand)
 z - an uncursed ring of invisibility
Potions
 h - 8 potions of brilliance
 i - a potion of heal wounds
 k - 2 potions of might
 n - a potion of lignification {unknown}
 q - 2 potions of haste
 r - 7 potions of curing
 v - 3 potions of magic
Books
 B - a book of Cantrips

   Spells                             Type                      Level
   Confusing Touch                    Hexes                        1
   Animate Skeleton                   Necromancy                   1
   Summon Small Mammal                Summoning                    1
   Apportation                        Translocation                1


   Skills:
 - Level 1.7 Fighting
 + Level 9.1 Axes
 - Level 1.7 Throwing
 - Level 5.0 Armour
 - Level 3.2 Dodging


You had 6 spell levels left.
You didn't know any spells.

Dungeon Overview and Level Annotations

Branches:
Dungeon (6/15)             Temple (1/1) D:4

Altars:
Ashenzari
Cheibriados
Dithmenos
Elyvilon
Fedhas
Makhleb
Nemelex Xobeh
Okawaru
Sif Muna
Trog
Vehumet
Xom
Yredelemnul
Zin
The Shining One


Innate Abilities, Weirdness & Mutations

You are resistant to damage.
You can recharge devices by infusing magical energy.
You passively map a small area around you.
You do not heal naturally.


Message History

The goliath beetle twitches its antennae in your direction.
There are no items here.
You see here a ring mail.
E - a ring mail Wear which item? (? for menu, Esc to quit)
You start removing your armour.
You continue taking off your +0 plate armour. x8
You can no longer gain health from killing.
You continue taking off your +0 plate armour. x2
You finish taking off your +0 plate armour.
You start putting on your armour.
You continue putting on your ring mail.
You continue putting on your ring mail. x4
You finish putting on your +0 ring mail.
You hit the goliath beetle but do no damage.
You slash the goliath beetle!
The goliath beetle is moderately wounded.
You hit the goliath beetle.
The goliath beetle is moderately wounded.
The goliath beetle bites you!
You die...

...# #..# #..# #...#
#..# #..# #...# #..#
#..# #...# #..# #..#
#...# #..# #..# #...#
#..# #..# #...# #..#
#..# ####...#
#..#######..#
.....<.###......@B...#
.....................#
###.##################
#. ** # , , , , , , ,
* , , , , ,


You could see a goliath beetle.

Vanquished Creatures
  2 ogres (D:5)
  An ice beast (D:5)
  2 giant frogs (Sewer)
  A crimson imp (D:5)
  Natasha (twice) (D:5)
  An orc wizard (D:3)
  3 worker ants (D:4)
  Ijyb (D:3)
  5 green rats (Sewer)
  10 adders
  3 gnolls (D:5)
  2 giant mites
  4 shadow imps (D:5)
  4 worms
  A giant eyeball (D:4)
  8 orcs (D:3)
  17 ball pythons (Sewer)
  A gnoll zombie (D:5)
  15 hobgoblins
  7 kobolds
  2 quokkas
  13 bats
  6 giant cockroaches
  5 giant geckos
  2 giant newts (D:2)
  13 goblins
  4 jackals (D:1)
  31 rats
166 creatures vanquished.

Notes
Turn   | Place    | Note
--------------------------------------------------------------
     0 | D:1      | Maka, the Deep Dwarf Gladiator, began the quest for the Orb.
     0 | D:1      | Reached XP level 1. HP: 19/19 MP: 1/1
   139 | D:1      | Reached XP level 2. HP: 23/26 MP: 2/2
   149 | D:1      | Reached skill level 4 in Axes
   324 | D:1      | Reached XP level 3. HP: 19/32 MP: 3/3
   604 | D:2      | Reached skill level 1 in Armour
   641 | D:2      | Reached skill level 5 in Axes
   720 | D:2      | Reached XP level 4. HP: 25/39 MP: 4/4
  1459 | D:3      | Noticed Ijyb
  1480 | D:3      | Killed Ijyb
  1540 | D:3      | Reached XP level 5. HP: 20/45 MP: 5/5
  1764 | D:3      | Reached skill level 6 in Axes
  1967 | D:4      | Found a glowing drain.
  1971 | Sewer    | Entered a sewer
  2178 | Sewer    | Reached XP level 6. HP: 50/52 MP: 6/6
  2336 | Sewer    | Reached skill level 5 in Armour
  2462 | D:4      | Found a radiant altar of Vehumet.
  2496 | D:4      | Found a staircase to the Ecumenical Temple.
  2508 | Temple   | Entered the Ecumenical Temple
  2558 | Temple   | Became a worshipper of Makhleb the Destroyer
  2618 | D:4      | Reached XP level 7. HP: 32/58 MP: 7/7
  2664 | D:4      | Reached skill level 7 in Axes
  2903 | D:5      | Entered Level 5 of the Dungeon
  3005 | D:5      | Noticed Natasha
  3080 | D:5      | Killed Natasha
  3204 | D:5      | Reached skill level 8 in Axes
  3247 | D:5      | Acquired Makhleb's first power
  3478 | D:5      | Noticed Natasha
  3483 | D:5      | Killed Natasha
  3734 | D:5      | Reached skill level 9 in Axes
  4062 | D:6      | Slain by a goliath beetle

Action                   |  1- 3 |  4- 6 |  7- 9 || total
-------------------------+-------+-------+-------++-------
Melee: War axe           |   121 |   343 |   121 ||   585
Throw: Javelin           |       |       |     4 ||     4
Evoke: Wand              |     1 |     3 |     1 ||     5
  Use: Scroll            |       |    13 |     3 ||    16
       Potion            |       |     2 |     1 ||     3
